AoeStats
← posteau.w

African Clearing

505300366Analyzed
2v2 RM · 23d ago on Sep 8, 2026· 49m 37s· 4 players
Game mode
Random Map
Map size
Medium (4 player)
Population
200
Speed
Normal
Resources
Standard
Victory
Conquest
Starting age
Dark Age
Ending age
Imperial Age
RankedLock teamsTeams togetherTeam positionsShared explorationLock speedFull tech treeHidden civsTurbo modeCheats
Victory
Defeat
🇩🇪 Wu · Germany
751
+13
🇧🇪 Tatars · Belgium
712
+14
🇦🇷 Cumans · Argentina
729
-15
🇦🇷 Khmer · Argentina
632
-12
posteau.w
14:54 Feudal Age
18:03 Double-Bit Axe
20:26 Horse Collar
21:47 Gold Mining
21:50 Stone Mining
24:36 Forging
25:22 Bloodlines
25:40 Scale Barding Armor
31:24 Castle Age
32:26 Bow Saw
40:01 Imperial Age
38:21 Heavy Plow
40:31 Wheelbarrow
42:12 Gold Shaft Mining
42:10 Crop Rotation
42:31 Iron Casting
41:57 Scale Mail Armor
41:58 Padded Archer Armor
41:48 Fletching
43:02 Hand Cart
43:33 Fletching
44:39 Heavy Cavalry Archer
48:00 Chemistry
47:21 Ballistics
47:55 Leather Archer Armor
47:35 Bodkin Arrow
48:41 Blast Furnace
48:02 Chain Barding Armor
48:08 Conscription
49:22 Silk Armor
49:36 Timurid Siegecraft
50:07 Husbandry
maioo
4:33 Loom
6:20 Loom
15:34 Feudal Age
17:36 Wheelbarrow
17:03 Gold Mining
17:03 Double-Bit Axe
23:34 Castle Age
23:30 Scale Mail Armor
32:22 Arson
32:58 Forging
32:55 Squires
40:40 Bow Saw
42:47 Iron Casting
46:33 Chain Mail Armor
46:17 Town Watch
Don Ramon
3:36 Loom
13:46 Feudal Age
15:01 Man-at-Arms
20:20 Fletching
21:42 Horse Collar
30:32 Wheelbarrow
30:07 Double-Bit Axe
36:17 Castle Age
40:17 Bloodlines
42:33 Pikeman
44:39 Squires
45:08 Forging
47:30 Hand Cart
47:16 Capped Ram
agustincn420
12:00 Loom
14:17 Feudal Age
17:53 Double-Bit Axe
22:07 Horse Collar
23:42 Wheelbarrow
27:32 Castle Age
28:29 Caravan
29:04 Husbandry
29:39 Scale Barding Armor
28:58 Pikeman
36:51 Chain Barding Armor
42:29 Stone Mining
47:41 Hand Cart
Connection lost

Rejoining the realm…

Still unreachable

The connection could not be restored.

Session expired

The server has moved on; the page needs a fresh start.